 Dungeon Crawl Stone Soup version 0.17.1-2-g5865329 (webtiles) character file.

13 ololoev the Skirmisher (level 2, 21/24 HPs)
             Began as a Demonspawn Fighter on Jan 19, 2016.
             Was a Follower of Kikubaaqudgha.
             Quit the game on level 3 of the Dungeon.
             The game lasted 00:01:03 (170 turns).

ololoev the Skirmisher (Demonspawn Fighter)          Turns: 170, Time: 00:01:03

Health: 21/24      AC: 10    Str: 16    XL:     2   Next: 24%
Magic:  2/2        EV:  6    Int:  9    God:    Kikubaaqudgha [*.....]
Gold:   0          SH:  8    Dex: 11    Spells: 0 memorised, 1 level left

rFire  . . .     SeeInvis .     a - +0 war axe
rCold  . . .     Clarity  .     b - +0 scale mail
rNeg   . . .     SustAt   .     c - +0 shield
rPois  .         Gourm    .     (no helmet)
rElec  .         Spirit   .     (no cloak)
rCorr  .         Warding  .     (no gloves)
rMut   .         Stasis   .     (no boots)
MR     .....                    (no amulet)
Stlth  ..........               (no ring)
                                j - ring of loudness (curse)

@: not resistant to hostile enchantments, extremely unstealthy
A: rough black scales 1
a: Receive Corpses, Renounce Religion


Innate Abilities, Weirdness & Mutations

You are partially covered in rough black scales (AC +4, Dex -1).

Inventory:

Hand Weapons
 a - a +0 war axe (weapon)
Armour
 b - a +0 scale mail (worn)
 c - a +0 shield (worn)
Jewellery
 j - a cursed ring of loudness (left hand)
Scrolls
 g - a scroll of teleportation {unknown}
 l - a scroll of amnesia {unknown}
 m - a scroll of remove curse {unknown}
Potions
 d - a potion of might
 f - a potion of cancellation {unknown}
 i - a potion of poison {unknown}
Books
 k - Kikubaaqudgha's Handbook of Stolen Souls
   (Kikubaaqudgha gifted it to you on level 3 of the Dungeon)

   Spells                             Type                      Level
   a - Animate Skeleton               Necromancy                   1
   b - Corpse Rot                     Necromancy                   2
   c - Sublimation of Blood           Necromancy                   2
   d - Regeneration                   Charms/Necromancy            3
   e - Control Undead                 Necromancy                   4
Comestibles
 e - a bread ration
 h - 3 chunks of flesh


   Skills:
 - Level 3.0 Fighting
 * Level 2.4 Axes
 + Level 2.9 Armour
 - Level 2.6 Shields


You had one spell level left.
You didn't know any spells.


You were on level 3 of the Dungeon.
You worshipped Kikubaaqudgha.
Kikubaaqudgha was aware of your devotion.
You were not hungry.

You visited 1 branch of the dungeon, and saw 3 of its levels.

####.#########(.......
##.## #(####.##
##...## #.##...#
##.....##### #......#
...........###..#...#
#####..###.##..#_#..#
# #.## #...#...# # #.#
#.......# # #.##
#..#@.#.#
#####..###.###...(..#
...............######
##.#.#.###.#####
##.#)#... .....##.##
......#.# #####.#.#
###.#.#

Notes
Turn   | Place    | Note
--------------------------------------------------------------
     0 | D:1      | ololoev the Demonspawn Fighter began the quest for the Orb.
     0 | D:1      | Reached XP level 1. HP: 18/18 MP: 1/1
   100 | D:3      | Gained mutation: You are partially covered in rough black scales (AC +4, Dex -1). [demonic ancestry]
   100 | D:3      | Reached XP level 2. HP: 17/24 MP: 2/2
   151 | D:3      | Found a faded altar to an unknown god.
   161 | D:3      | Became a worshipper of Kikubaaqudgha
   161 | D:3      | Reached * piety under Kikubaaqudgha
   161 | D:3      | Received a gift from Kikubaaqudgha
   163 | D:3      | Identified Kikubaaqudgha's Handbook of Stolen Souls (Kikubaaqudgha gifted it to you on level 3 of the Dungeon)
   170 | D:3      | Quit the game

Dungeon Overview and Level Annotations

Branches:
Dungeon (3/15)

Altars:
Kikubaaqudgha


Message History

You kill the rat!
Found a robe.
A hobgoblin comes into view. It is wielding a club.
The hobgoblin shouts!
The hobgoblin hits you with a club.
You closely miss the hobgoblin.
The hobgoblin hits you but does no damage.
You hit the hobgoblin.
The hobgoblin is severely wounded.
You block the hobgoblin's attack.
You slash the hobgoblin!
You kill the hobgoblin!
No target in view!
Found a faded altar to an unknown god.
A kobold comes into view.
The kobold throws a stone.
The stone hits you but does no damage.
You see here a stone.
The kobold throws a stone.
The stone hits you but does no damage.
You see here a stone.
Found a scroll labeled MAZILU NAFOA.
Found a scroll labeled XITSUDW CEUVI.
Your shield prevents you from hitting the kobold.
You block the kobold's attack.
You slash the kobold!
You kill the kobold!
Found 16 arrows.
There is a faded altar to an unknown god here.
This altar will convert you to a god.
You cannot discern which.
Do you pray?
Okay, then.
This altar will convert you to a god.
You cannot discern which.
Do you pray? Kikubaaqudgha accepts your prayer! Kikubaaqudgha welcomes you!
You can now receive cadavers from Kikubaaqudgha.
Kikubaaqudgha grants you a gift!
Unknown command. k - Kikubaaqudgha's Handbook of Stolen Souls
There is an ancient bone altar of Kikubaaqudgha here.
l - a scroll labeled MAZILU NAFOA
m - a scroll labeled XITSUDW CEUVI Are you sure you want to abandon this character and quit the game? (Confirm with "yes".)

There were no monsters in sight!

Vanquished Creatures
  An ooze (D:1)
  A giant cockroach (D:1)
  2 hobgoblins (D:3)
  A quokka (D:3)
  A kobold (D:3)
  2 rats
8 creatures vanquished.

Action                   || total
-------------------------++-------
Melee: War axe           ||    26

Vault maps used:
D:1:      onia_arrival_larder
D:2:      serial_forest, infiniplex_forest_clump_small,
          infiniplex_forest_end_double, infiniplex_forest_clump_medium,
          infiniplex_forest_lined_3, infiniplex_forest_straight_5,
          infiniplex_forest_lined_ring, infiniplex_forest_clump_long,
          infiniplex_forest_end_2, infiniplex_forest_zigzag_1, first_bread,
          minmay_distorted, uniq_iyjb, uniq_terence, uniq_natasha
D:3:      grunt_temple_overflow_order_and_chaos_2, lemuel_crystal_altar,
          ecumenical_altar_1, kennysheep_boxes
